 Dungeon Crawl Stone Soup version 0.31-a0-1589-g8f5e8aebd6 (webtiles) character file.

Game seed: 11852904895845354501

4 Flugslaktarn the Apothecary (level 1, 0/11 HPs)
             Began as an Octopode Alchemist on Jan 6, 2024.
             Slain by an adder (3 damage)
             ... on level 2 of the Dungeon.
             The game lasted 00:00:21 (131 turns).

Flugslaktarn the Apothecary (Octopode Alchemist)     Turns: 131, Time: 00:00:22

Health: 0/11       AC:  1    Str:  7    XL:     1   Next: 70%
Magic:  0/3        EV: 13    Int: 17    God:
Gold:   21         SH:  0    Dex: 12    Spells: 3/4 levels left

rFire   . . .        (no weapon)
rCold   . . .        (no shield)
rNeg    . . .        (helmet restricted)
rPois   .            (no amulet)
rElec   .            (no ring)
rCorr   .            (no ring)
SInv    .            (no ring)
Will    .....        (no ring)
Stlth   +++          (no ring)
HPRegen 0.21/turn    (no ring)
MPRegen 0.08/turn    (no ring)
                     (no ring)

%: no passive effects
@: lethally poisoned (0 -> -3)
A: almost no armour, amphibious, 8 rings, camouflage 1, gelatinous body 1,
(nimble swimmer 1), tentacles
a: no special abilities


You were on level 2 of the Dungeon.
You visited 1 branch of the dungeon, and saw 2 of its levels.

You collected 21 gold pieces.

Inventory:

Wands
 d - a wand of roots (7)
   (You found it on level 2 of the Dungeon)
Scrolls
 b - a scroll of immolation {unknown}
Potions
 a - a potion of magic
 c - a potion of heal wounds {unknown}


   Skills:
 - Level 2.0 Dodging
 - Level 2.6 Stealth
 + Level 2.1 Spellcasting
 - Level 1.0 Conjurations
 * Level 3.5 Alchemy


You had 3 spell levels left.
You knew the following spells:

 Your Spells              Type           Power      Damage    Failure   Level
a - Sting                 Conj/Alch      36%        1d5       8%          1

Your spell library contained the following spells:

 Spells                   Type           Power      Damage    Failure   Level
 Mercury Vapours          Alch/Air       14%        N/A       14%         2
 Mephitic Cloud           Conj/Alch/Air  6%         N/A       30%         3
 Olgreb's Toxic Radiance  Alch           13%        N/A       41%         4
 Sticky Flame             Fire/Alch      7%         2d4       67%         4


Dungeon Overview and Level Annotations

Branches:
Dungeon (2/15)

Altars:


Innate Abilities, Weirdness & Mutations

You cannot wear most types of armour.
You are amphibious.
You can wear up to eight rings at the same time.
Your skin changes colour to match your surroundings (Stealth+).
Your rubbery body absorbs attacks. (AC +1, EV +1)
((You are camouflaged when in or above water. (Stealth+)))
You have tentacles for arms and can constrict up to eight enemies at once.


Message History

No target in view!
Found 5 gold pieces.
You now have 10 gold pieces.
You enter the shallow water.
b - a scroll labelled UDGHAIXK FASECU You now have 16 gold pieces (gained 6).
Magic restored.
HP restored.
Found 2 large rocks.
Unknown command.
Found 6 stones and a viscous grey potion.
You enter the deep water.
Found a stone staircase leading down.
You now have 21 gold pieces (gained 5).
You enter the shallow water.
You see here 6 stones.
c - a viscous grey potion A ball python comes into view.
The ball python hisses angrily.
The ball python moves out of view.
The ball python closely misses you. The ball python misses you.
The ball python bites you. The ball python closely misses you.
Casting: Sting (safe; 8% risk of failure)
Confirm with . or Enter, or press ? or * to list all spells.
Aiming: Sting (safe; 8% risk of failure)
Press: ? - help, Shift-Dir - straight line, f - ball python
Aim: a ball python (64% to hit)
The sting hits the ball python.
The ball python is poisoned.
You kill the ball python!
Casting: Sting (safe; 8% risk of failure)
Confirm with . or Enter, or press ? or * to list all spells.
You can't see any susceptible monsters within range! (Use Z to cast anyway.)
You see here a ball python corpse.
You tentacle-slap the plant but do no damage.
You grab the plant.
The plant begins to die.
You squeeze the plant.
The plant is lightly damaged.
You constrict the plant.
You release your grip on the plant.
You see here 6 stones.
A nearby plant withers and dies.
You enter the deep water.
There is a faded altar of an unknown god here.
This altar belongs to (a) Dithmenos, (b) Qazlal or (c) Wu Jian, but you can't tell which.
Press the corresponding letter to learn more about a god, or press enter to convert or escape to cancel.
Okay, then.
You enter the deep water.
There is a stone staircase leading down here.
You climb downwards.
Found a stone staircase leading up.
There is a stone staircase leading up here.
Unknown command.
Found a stone staircase leading down.
Found a stone staircase leading down.
An adder comes into view.
The adder moves out of view.
Casting: Sting (safe; 8% risk of failure)
Confirm with . or Enter, or press ? or * to list all spells.
You can't see any susceptible monsters within range! (Use Z to cast anyway.)
d - a wand of roots (7)
Found a ring mail.
A hobgoblin comes into view.
Unknown command.
Found a ring mail.
The hobgoblin shouts!
You hear an angry hiss.
A giant cockroach comes into view.
Casting: Sting (safe; 8% risk of failure)
Confirm with . or Enter, or press ? or * to list all spells.
Aiming: Sting (safe; 8% risk of failure)
Press: ? - help, Shift-Dir - straight line, f - hobgoblin
Aim: a hobgoblin (68% to hit)
The sting hits the hobgoblin.
The hobgoblin is poisoned.
You kill the hobgoblin!
Casting: Sting (safe; 8% risk of failure)
Confirm with . or Enter, or press ? or * to list all spells.
You can't see any susceptible monsters within range! (Use Z to cast anyway.)
You see here 2 gold pieces.
The giant cockroach bites you.
You see here a hobgoblin corpse.
You closely miss the adder. Your grab misses the adder. The adder bites you.
The giant cockroach bites you.
Casting: Sting (safe; 8% risk of failure)
Confirm with . or Enter, or press ? or * to list all spells.
Aiming: Sting (safe; 8% risk of failure)
Press: ? - help, Shift-Dir - straight line, f - adder
Aim: an adder (48% to hit)
The sting misses the adder.
The adder bites you.
The giant cockroach waves its antennae.
The giant cockroach misses you. The adder attacks as it pursues you!
The adder bites you but does no damage. The adder bites you.
You are lethally poisoned!
The adder poisons you!
Casting: Sting (safe; 8% risk of failure)
Confirm with . or Enter, or press ? or * to list all spells.
Aiming: Sting (safe; 8% risk of failure)
Press: ? - help, Shift-Dir - straight line, f/p - adder
Aim: an adder (48% to hit)
The sting hits the adder but does no damage.
The adder is poisoned.
* * * LOW HITPOINT WARNING * * *
You feel sick. The adder bites you.
You die...

#>.....##.##>#
####.#.......#
#######...#######
#........## ...#
#.#####..# ....#
#.##.....# ....#
#.##.##.## .....#
#.......###.....#
###.....@#.......
#..#..$S..#
#..#.#.#..#
#..#........#
#..........#.#
#.##........#..
.[.............
.###.....[#.#..
##.#####.###


You could see an adder (poisoned).

Vanquished Creatures
  An endoplasm (D:1)
  A goblin (D:1)
  A hobgoblin (D:2)
  A ball python (D:1)
4 creatures vanquished.

Notes
Turn   | Place    | Note
-------+----------+-------------------------------------------
     0 | D:1      | Flugslaktarn the Octopode Alchemist began the quest for the
                  | Orb.
     0 | D:1      | Reached XP level 1. HP: 11/11 MP: 3/3
    22 | D:1      | Found a faded altar of an unknown god.
   131 | D:2      | Slain by an adder

Illustrated notes

Levels and vault maps discovered:
D:1:      amcnicky_arrival_feature_with_door, layout_basic, serial_shops, shop,
          shapermc_ecumenical_altar_mp_ritualfount
D:2:      layout_loops_cross

Action                     || total
---------------------------++-------
  Melee: Unarmed           ||     7
         Tentacles         ||     4
         Constrict         ||     2
   Cast: Sting             ||     5
 Armour: Skin              ||     9
  Dodge: Dodged            ||     5

Table legend: (Time is in decaauts)
 A = Elapsed time spent in this place.
 B = Non-inter-level travel time spent in this place.
 C = Inter-level travel time spent in this place.
 D = Time resting spent in this place.
 E = Time spent auto-exploring this place.
 F = Levels seen in this place.
 G = Mean time per level.
                   A        B        C        D        E       F      G
               +--------+--------+--------+--------+--------+-----+--------+
         Total |    130 |    118 |     12 |      0 |     32 |   2 |   65.0 |
       Dungeon |    130 |    118 |     12 |      0 |     32 |   2 |   65.0 |
               +--------+--------+--------+--------+--------+-----+--------+

Top non-repeatable levels by time:
     D:1: 92 daAuts
     D:2: 38 daAuts
